 Dungeon Crawl Stone Soup version 0.23-a0-106-g63f3d0b (webtiles) character file.

22246 galech the Cleaver (level 12, -7/145 HPs)
             Began as a Demonspawn Berserker on Aug 20, 2018.
             Was a High Priest of Trog.
             Mangled by a freezing wraith (11 damage)
             ... led by a death knight
             ... on level 11 of the Dungeon.
             The game lasted 00:29:42 (13857 turns).

galech the Cleaver (Demonspawn Berserker)          Turns: 13857, Time: 00:29:43

Health: -7/145     AC: 19    Str: 30    XL:     12   Next: 61%
Magic:  0/12       EV: 14    Int: 12    God:    Trog [*****.]
Gold:   176        SH:  0    Dex: 24    Spells: 11/11 levels left

rFire    . . .     SeeInvis .   G - +6 battleaxe (chop)
rCold    + + .     Gourm    .   (shield currently unavailable)
rNeg     + + +     Faith    .   H - +6 scale mail of Happy Babbling {rPois Dex+4}
rPois    +         Spirit   +   b - +0 helmet
rElec    .         Reflect  .   (no cloak)
rCorr    .         Harm     .   M - +0 pair of gloves "Verahake" {Str+6}
MR       ++...                  D - +1 pair of boots
Stlth    ..........             F - amulet of regeneration
HPRegen  1.74/turn              m - ring of protection from cold
MPRegen  0.26/turn              x - ring of the Briny Deep {*Drain +Inv rN+++ Int+3 Dex+4}

@: berserking, regenerating, very quick
A: talons 1, cold resistance 1, magic shield, magic regeneration, freezing cloud
immunity
a: Berserk, Trog's Hand, Brothers in Arms, Renounce Religion, Evoke Invisibility


You were on level 11 of the Dungeon.
You worshipped Trog.
Trog was extremely pleased with you.
You were very hungry.

You visited 2 branches of the dungeon, and saw 13 of its levels.

You collected 1908 gold pieces.
You spent 1732 gold pieces at shops.

Inventory:

Hand Weapons
 u - a +3 hand axe
 G - a +6 battleaxe of chopping (weapon)
Armour
 b - a +0 helmet (worn)
 D - a +1 pair of boots (worn)
 H - the +6 scale mail of Happy Babbling (worn) {rPois Dex+4}
   (You found it on level 8 of the Dungeon)

   It affects your dexterity (+4).
   It protects you from poison.
 K - a +0 plate armour of fire resistance
 M - the +0 pair of gloves "Verahake" (worn) {Str+6}
   (You bought it in a shop on level 1 of the Orcish Mines)

   It affects your strength (+6).
Jewellery
 m - a ring of protection from cold (left hand)
 w - an uncursed ring of fire
 x - the ring of the Briny Deep (right hand) {*Drain +Inv rN+++ Int+3 Dex+4}
   (You bought it in a shop on level 1 of the Orcish Mines)

   [ring of dexterity]

   It affects your intelligence (+3).
   It affects your dexterity (+4).
   It renders you almost immune to negative energy.
   It lets you turn invisible.
   It causes draining when unequipped.
 z - an uncursed ring of protection from magic
 F - an amulet of regeneration (around neck)
Wands
 p - a wand of acid (25)
 y - a wand of iceblast (11)
 E - a wand of flame (23)
 J - a wand of disintegration (14)
Scrolls
 a - 5 scrolls of enchant armour
 d - a scroll of fog
 h - 2 scrolls of remove curse
 i - 4 scrolls of teleportation
 j - 4 scrolls of amnesia
 q - 5 scrolls of fear
 t - 4 scrolls of immolation
 A - 2 scrolls of identify
 B - a scroll of random uselessness
 L - 2 scrolls of magic mapping
Potions
 e - 4 potions of lignification
 f - 3 potions of might
 g - 6 potions of curing
 k - 4 potions of brilliance
 l - 2 potions of haste
 n - 2 potions of degeneration {unknown}
 o - 2 potions of mutation {unknown}
 r - a potion of flight {unknown}
 s - a potion of invisibility {unknown}
 v - 2 potions of heal wounds {unknown}
 C - a potion of cancellation {unknown}
Comestibles
 c - 17 rations
 I - 3 chunks of flesh


   Skills:
 + Level 10.2 Fighting
 + Level 13.8 Axes
 + Level 9.6 Armour
 + Level 4.0 Dodging
 + Level 2.6 Stealth


You had 11 spell levels left.
You didn't know any spells.
Your spell library was empty.

Dungeon Overview and Level Annotations

Branches:
Dungeon (11/15)            Temple (0/1) D:6            Lair (0/6) D:11
    Orc (2/2) D:9             Elf (0/3) Orc:2

Altars:
Elyvilon
Gozag
Makhleb
Okawaru
Qazlal
Ru
Vehumet
Xom
The Shining One
Beogh

Shops:
D:7 *   Orc:1 ?[*!=   Orc:2 *%*%

Annotations:
D:9 3 runed doors, junkhipster's ghost, journeyman FoFi


Innate Abilities, Weirdness & Mutations

You have sharp toenails.
Your flesh is cold resistant. (rC+)
When hurt, damage is shared between your health and your magic reserves.
You regenerate magic rapidly.
You are immune to freezing clouds.


Message History

The freezing wraith hits you but does no damage.
The freezing wraith closely misses you.
You see here a yak corpse.
Unknown command.
You barely miss the death knight. You slash the freezing wraith!
You slice the freezing wraith!!
The freezing wraith closely misses you. x2
You cut the death knight into ribbons!!!
The death knight is severely wounded.
You hit the freezing wraith but do no damage.
The death knight reflects your damage back at you!
* * * LOW HITPOINT WARNING * * *
You slice the freezing wraith!!
You destroy the freezing wraith!
Trog accepts your kill.
The death knight hits you with a glaive of flaming.
* * * LOW HITPOINT WARNING * * *
The death knight burns you.
* * * LOW HITPOINT WARNING * * *
The freezing wraith hits you!
You die...

##......##
##.####.#.....# ########
#.# #.##.[..#
#.####.##.##..
#.#.......####
#...#.##...### .##
##)(..###[..# ....##
######...###....#
#.....##W.....}.##.....#
....(.†p@#####.>......##
......[.####...#.##...#
.........$...###.##...#
......$..###...#......#
.......#.. ..#..<##...###
.......####..............
....... ##.###.###.##.#
####### ..# #..#...#..
### ##...#..


You could see a death knight and a freezing wraith.

Vanquished Creatures
  Josephine (Orc:1)
  A centaur warrior (Orc:2)
  3 two-headed ogres
  An orc high priest (Orc:2)
  Nergalle (D:10)
  A harpy (D:8)
  5 orc knights (Orc:1)
  A manticore (D:8)
  A centaur skeleton (D:11)
  A freezing wraith (D:11)
  3 trolls
  Prince Ribbit (D:5)
  4 hippogriffs
  A wyvern (D:9)
  7 yaks
  A human (D:8)
  A vampire (D:11)
  3 hogs (D:8)
  4 wraiths (Orc:1)
  5 vampire mosquitoes (D:8)
  2 hungry ghosts
  3 wargs (Orc:1)
  A two-headed ogre zombie (D:9)
  Duvessa (D:7)
  A sky beast (D:10)
  2 ice beasts
  2 black bears
  6 phantoms
  12 ogres
  30 orc warriors
  A necrophage (D:11)
  9 centaurs
  2 crocodiles
  2 big kobolds
  8 bullfrogs
  A gnoll sergeant (D:10)
  A wyvern skeleton (D:8)
  A water moccasin zombie (D:9)
  3 troll zombies (D:9)
  Dowan (D:7)
  2 scorpions
  5 killer bees (D:11)
  3 howler monkeys
  4 crimson imps
  3 bullfrog zombies
  6 hounds
  4 jellies
  12 orc priests
  A bullfrog skeleton (D:11)
  11 orc wizards
  4 iguanas
  5 worker ants
  4 ogre zombies (D:9)
  A hound skeleton (D:7)
  A worker ant zombie (D:9)
  5 gnolls (D:10)
  19 adders
  5 shadow imps
  An ooze (D:5)
  An adder zombie (D:6)
  3 adder skeletons
  A dart slug (D:2)
  7 leopard geckos
  58 orcs
  5 bats
  8 giant cockroaches
  10 goblins
  8 hobgoblins
  7 jackals
  3 quokkas
  A ball python (D:2)
  A ball python zombie (D:5)
  7 frilled lizards
  2 goblin skeletons (D:9)
  A goblin zombie (D:9)
  3 hobgoblin zombies (D:9)
  8 kobolds
  3 orc skeletons (D:9)
  16 orc zombies (D:9)
  A quokka skeleton (D:8)
  5 rats
390 creatures vanquished.

Notes
Turn   | Place    | Note
-------+----------+-------------------------------------------
     0 | D:1      | galech the Demonspawn Berserker began the quest for the Orb.
     0 | D:1      | Reached XP level 1. HP: 18/18 MP: 1/1
   327 | D:1      | Reached skill level 3 in Axes
   327 | D:1      | Gained mutation: When hurt, damage is shared between your health and your magic reserves. [demonic ancestry]
   327 | D:1      | Reached XP level 2. HP: 20/24 MP: 2/2
   811 | D:1      | Reached ** piety under Trog
   969 | D:2      | Gained mutation: Your flesh is cold resistant. (rC+) [demonic ancestry]
   969 | D:2      | Reached XP level 3. HP: 29/29 MP: 3/3
  1230 | D:2      | Found a burning altar of Makhleb.
  1448 | D:2      | Reached XP level 4. HP: 29/37 MP: 2/4
  2135 | D:3      | Found a white marble altar of Elyvilon.
  2136 | D:3      | Found a sacrificial altar of Ru.
  2464 | D:4      | Reached skill level 4 in Axes
  2528 | D:4      | Reached skill level 1 in Stealth
  2528 | D:4      | Reached XP level 5. HP: 42/42 MP: 5/5
  2539 | D:4      | Reached *** piety under Trog
  3265 | D:5      | Entered Level 5 of the Dungeon
  3499 | D:5      | Noticed a centaur
  3517 | D:5      | Killed a centaur
  3517 | D:5      | Reached XP level 6. HP: 23/48 MP: 0/6
  3692 | D:5      | Noticed Prince Ribbit
  3846 | D:5      | Noticed an ice beast
  3855 | D:5      | Killed an ice beast
  3855 | D:5      | Reached skill level 5 in Axes
  3867 | D:5      | Identified the Reference Book on Weightlessness
  3898 | D:5      | Gained mutation: You are immune to freezing clouds. [demonic ancestry]
  3898 | D:5      | Reached XP level 7. HP: 55/55 MP: 7/7
  4291 | D:5      | Found a glowing golden altar of the Shining One.
  4291 | D:5      | Found a radiant altar of Vehumet.
  4469 | D:5      | Killed Prince Ribbit
  4469 | D:5      | Reached skill level 5 in Fighting
  4510 | D:5      | Found an iron altar of Okawaru.
  4624 | D:6      | Reached skill level 6 in Axes
  4880 | D:6      | Reached XP level 8. HP: 46/62 MP: 5/8
  5090 | D:6      | Found a shimmering altar of Xom.
  5621 | D:6      | Found a staircase to the Ecumenical Temple.
  5844 | D:7      | Found Nitru's General Store.
  5881 | D:7      | Noticed Dowan
  5881 | D:7      | Noticed a hippogriff
  5882 | D:7      | Noticed Duvessa
  5894 | D:7      | Killed Dowan
  5898 | D:7      | Killed a hippogriff
  5898 | D:7      | Reached skill level 7 in Axes
  5898 | D:7      | Reached skill level 5 in Armour
  5931 | D:7      | Killed Duvessa
  6155 | D:7      | Found a stormy altar of Qazlal.
  6776 | D:7      | Reached skill level 8 in Axes
  6803 | D:7      | Gained mutation: You regenerate magic rapidly. [demonic ancestry]
  6803 | D:7      | Reached XP level 9. HP: 65/69 MP: 7/9
  7110 | D:8      | Reached **** piety under Trog
  7355 | D:8      | Found a sacrificial altar of Ru.
  7730 | D:8      | Reached skill level 9 in Axes
  7860 | D:8      | Reached XP level 10. HP: 79/79 MP: 10/10
  8782 | D:9      | Found a staircase to the Orcish Mines.
  8826 | D:9      | Reached ***** piety under Trog
  9007 | D:9      | Reached skill level 10 in Axes
  9307 | D:8      | Noticed a harpy
  9328 | D:8      | Killed a harpy
  9351 | D:8      | Noticed a manticore
  9471 | D:8      | Killed a manticore
  9513 | D:8      | Noticed a two-headed ogre
  9529 | D:8      | Killed a two-headed ogre
  9529 | D:8      | Reached XP level 11. HP: 87/87 MP: 9/11
  9591 | D:8      | Got a pearl-encrusted scale mail
  9602 | D:8      | Identified the +6 scale mail of Happy Babbling {rPois Dex+4} (You found it on level 8 of the Dungeon)
  9690 | D:9      | Reached skill level 11 in Axes
  9787 | D:9      | Received a gift from Trog
  9899 | D:9      | Found a runed gate.
  9899 | D:9      | Found a runed gate.
  9899 | D:9      | Found a runed gate.
  9905 | D:9      | Noticed an ettin
  9905 | D:9      | Noticed junkhipster's ghost (journeyman FoFi)
  9906 | D:9      | Found an opulent altar of Gozag.
  9925 | D:10     | Entered Level 10 of the Dungeon
 10025 | D:10     | Noticed Nergalle
 10038 | D:10     | Killed Nergalle
 10501 | D:10     | Noticed a two-headed ogre
 10511 | D:10     | Killed a two-headed ogre
 10837 | Orc:1    | Entered Level 1 of the Orcish Mines
 10837 | Orc:1    | Found Juub's Antique Armour Boutique.
 10846 | Orc:1    | Noticed an orc knight
 10857 | Orc:1    | Killed an orc knight
 10860 | Orc:1    | Found Quiw's Assorted Antiques.
 11058 | Orc:1    | Reached skill level 12 in Axes
 11079 | Orc:1    | Found Houkot's Magic Scroll Boutique.
 11094 | Orc:1    | Bought 2 scrolls of enchant weapon for 270 gold pieces
 11094 | Orc:1    | Bought a scroll of magic mapping for 63 gold pieces
 11094 | Orc:1    | Bought a scroll of teleportation for 54 gold pieces
 11094 | Orc:1    | Bought a scroll of magic mapping for 63 gold pieces
 11094 | Orc:1    | Bought a scroll of enchant weapon for 135 gold pieces
 11123 | Orc:1    | Bought a pair of distressingly furry gloves for 332 gold pieces
 11133 | Orc:1    | Identified the +0 pair of gloves "Verahake" {Str+6} (You bought it in a shop on level 1 of the Orcish Mines)
 11160 | Orc:1    | Found Teil's Distillery.
 11193 | Orc:1    | Noticed an orc knight
 11193 | Orc:1    | Noticed Josephine
 11205 | Orc:1    | Killed Josephine
 11211 | Orc:1    | Killed an orc knight
 11395 | Orc:1    | Found Wyutu's Jewellery Emporium.
 11561 | Orc:2    | Entered Level 2 of the Orcish Mines
 11670 | Orc:2    | Found a staircase to the Elven Halls.
 11731 | Orc:2    | Noticed an orc high priest
 11753 | Orc:2    | Killed an orc high priest
 11760 | Orc:2    | Gained mutation: You have sharp toenails. [demonic ancestry]
 11760 | Orc:2    | Reached XP level 12. HP: 95/96 MP: 8/12
 11856 | Orc:2    | Found a roughly hewn altar of Beogh.
 12742 | Orc:1    | Reached skill level 13 in Axes
 13008 | Orc:2    | Received a gift from Trog
 13014 | Orc:2    | Noticed a centaur warrior
 13138 | Orc:2    | Killed a centaur warrior
 13138 | Orc:2    | Reached skill level 10 in Fighting
 13197 | Orc:2    | Found a roughly hewn altar of Beogh.
 13288 | Orc:2    | Found Cusaxtuxed's Assorted Antiques.
 13288 | Orc:2    | Found Rupueg's Food Shoppe.
 13290 | Orc:2    | Found Zoybiosch's General Store.
 13292 | Orc:2    | Found Wumyez's Food Shop.
 13503 | Orc:1    | Bought the ring of the Briny Deep {*Drain +Inv rN+++ Int+3 Dex+4} for 815 gold pieces
 13585 | D:11     | Noticed a two-headed ogre
 13591 | D:11     | Killed a two-headed ogre
 13619 | D:11     | Found an opulent altar of Gozag.
 13716 | D:11     | Found a staircase to the Lair.
 13845 | D:11     | Noticed a death knight
 13857 | D:11     | HP: 5/145 [death knight/glaive of flaming (5)]
 13857 | D:11     | Mangled by a freezing wraith

Vault maps used:
D:1:      tarquinn_simple_flora_water_b, nrook_mini_vaults
D:2:      lemuel_crystal_altar
D:3:      minitemple, first_ration, grunt_ministairs_2
D:4:      serial_forest, infiniplex_forest_clump_small, infiniplex_forest_end_2,
          infiniplex_forest_diagonal, infiniplex_forest_lined_2,
          infiniplex_forest_clump_medium, infiniplex_forest_clump_medium,
          infiniplex_forest_clump_small, infiniplex_forest_lined_1
D:5:      lemuel_upstairs_altar, gammafunk_temple_overflow_statue,
          hangedman_decor_lopped, uniq_prince_ribbit1
D:6:      minmay_temple_entry_glassed_door, basic_altar
D:7:      grunt_qazlal_clouds, serial_shops, nicolae_shop_stone,
          grunt_ministairs_11, uniq_duvessa
D:8:      minmay_klotski, grunt_livestock, nicolae_ru_sacrificial_ziggurat
D:9:      zombieorc2_lemuel, ebering_ghost_gozag
D:10:     minivault_11, uniq_nergalle
D:11:     lair_entry_dummy, grunt_gozag_breadcrumbs
Orc:1:    serial_shops, nicolae_shop_stone, shop, shop, shop_fountains, shop,
          uniq_josephine
Orc:2:    st_orc_rangers, basic_altar, david_defended_altar_orc

Skill      XL: |  1  2  3  4  5  6  7  8  9 10 11 12 |
---------------+-------------------------------------+-----
Axes           | 3 4 5 6 8 9 10 12 13 | 13.8
Dodging        | 2 3 4 |  4.0
Armour         | 2 3 4 5 6 8 9 |  9.6
Stealth        | 1 2 |  2.6
Fighting       | 4 5 7 8 9 10 | 10.2

Action                   |  1- 3 |  4- 6 |  7- 9 | 10-12 || total
-------------------------+-------+-------+-------+-------++-------
Melee: Hand axe          |   134 |   209 |   307 |   359 ||  1009
       Battleaxe         |       |       |       |   358 ||   358
Invok: Berserk           |     3 |     6 |     9 |    18 ||    36
       Trog's Hand       |       |     2 |     2 |     4 ||     8
  Use: Scroll            |       |     3 |     7 |    12 ||    22
  Eat: Chunk             |     4 |     8 |    16 |    30 ||    58
       Ration            |       |     2 |     1 |     4 ||     7
Armor: Animal skin       |    16 |       |       |       ||    16
       Chain mail        |    61 |   138 |    43 |       ||   242
       Plate armour      |       |       |   149 |   252 ||   401
       Scale mail        |       |       |       |   205 ||   205
Dodge: Dodged            |    81 |    74 |    88 |   446 ||   689

Table legend:
 A = Non-vault XP
 B = Vault XP
 C = Vault XP percentage of total XP
 D = Non-vault monster count
 E = Vault monster count
 F = Vault count percentage of total count
                 A         B        C        D         E       F
            +---------+---------+-------+---------+---------+-------
      Total |   18258 |   13522 |  42.5 |     286 |     104 |  26.7
            +---------+---------+-------+---------+---------+-------
        D:1 |      34 |       0 |   0.0 |      20 |       0 |   0.0
        D:2 |      70 |       0 |   0.0 |      19 |       0 |   0.0
        D:3 |      62 |       2 |   3.1 |      21 |       1 |   4.5
        D:4 |     154 |       0 |   0.0 |      14 |       0 |   0.0
        D:5 |     532 |     277 |  34.2 |      15 |       1 |   6.2
        D:6 |     554 |       0 |   0.0 |      10 |       0 |   0.0
        D:7 |     809 |     428 |  34.6 |      20 |       4 |  16.7
        D:8 |    2506 |    3955 |  61.2 |      28 |      20 |  41.7
        D:9 |    1732 |     896 |  34.1 |      24 |      36 |  60.0
       D:10 |    2311 |     812 |  26.0 |      38 |       1 |   2.6
       D:11 |    3809 |       0 |   0.0 |      23 |       0 |   0.0
      Orc:1 |    3239 |    4416 |  57.7 |      30 |      16 |  34.8
      Orc:2 |    2446 |    2736 |  52.8 |      24 |      25 |  51.0
            +---------+---------+-------+---------+---------+-------
